 Dungeon Crawl Stone Soup version 0.31-a0-700-gf13585253f (webtiles) character file.

Game seed: 13151801869961447288

146970 Xavori the Unseen (level 17, 0/103 HPs)
             Began as an Octopode Chaos Knight on Sept 7, 2023.
             Was a Plaything of Xom.
             Slain by a harpy (13 damage)
             ... on level 3 of the Shoals.
             The game lasted 00:52:29 (37311 turns).

Xavori the Unseen (Octopode Chaos Knight)          Turns: 37311, Time: 00:52:30

Health: 0/103      AC:  1    Str: 18    XL:     17   Next: 45%
Magic:  17/17      EV: 31    Int: 23    God:    Xom [.*....]
Gold:   1669       SH: 15    Dex: 20    Spells: 11/16 levels left

rFire   . . .        C - +1 short sword (speed)
rCold   + . .        S - +2 buckler
rNeg    . . .        L - melded +2 hat
rPois   +            p - amulet of reflection
rElec   +            W - +5 ring of evasion
rCorr   +            B - +6 ring of dexterity
SInv    +            U - ring "Dejusmio" {Ice rElec}
Will    ++++.        F - +5 ring of evasion
Stlth   ++++++++     g - ring of resist corrosion
HPRegen 0.37/turn    A - ring of willpower
MPRegen 0.15/turn    O - ring "Voixkea" {rPois Str+4 SInv}
                     e - ring of willpower

%: reflection
@: beast-form
A: beast (slay +4), almost no armour, amphibious, 8 rings, camouflage 1,
gelatinous body 1, (nimble swimmer 1), tentacles, tentacle spike 3, clever 2,
fire resistance 1, frail 1, strong-willed 1, screaming 1, strong 1, MP-powered
wands
a: Begin Untransformation, Renounce Religion


You were on level 3 of the Shoals.
You worshipped Xom.
You were a plaything of Xom.
You were a hulking beast.
You visited 5 branches of the dungeon, and saw 27 of its levels.
You also visited: Sewer and Volcano.

You collected 2744 gold pieces.
You spent 1075 gold pieces at shops.

Inventory:

Hand Weapons
 C - a +1 short sword of speed (weapon)
Missiles
 m - 4 throwing nets
Armour
 a - a +1 hat of willpower
 r - a +4 tower shield of protection
 L - a +2 hat (melded)
 S - a +2 buckler (worn)
Jewellery
 e - a ring of willpower (on tentacle)
 g - a ring of resist corrosion (on tentacle)
 i - an amulet of guardian spirit
 p - an amulet of reflection (around mantle)
 u - a ring of wizardry
 A - a ring of willpower (on tentacle)
 B - a +6 ring of dexterity (right tentacle)
 E - a ring of protection from cold
 F - a +5 ring of evasion (on tentacle)
 O - the ring "Voixkea" (on tentacle) {rPois Str+4 SInv}
   (You found it on level 10 of the Dungeon)

   [ring of poison resistance]

   Str+4:     It affects your strength (+4).
   rPois:     It protects you from poison SInv: It lets you see invisible.
 Q - a ring of flight
 U - the ring "Dejusmio" (on tentacle) {Ice rElec}
   (Xom gifted it to you on level 1 of the Orcish Mines)

   [ring of ice]

   Ice:       It enhances your ice magic.
   rF-:       It makes you vulnerable to fire.
   rC+:       It protects you from cold.
   rElec:     It insulates you from electricity.
 W - a +5 ring of evasion (left tentacle)
Talismans
 T - a beast talisman (active)
Wands
 q - a wand of flame (55)
 y - a wand of iceblast (5)
 H - a wand of paralysis (5)
 M - a wand of mindburst (20)
 R - a wand of polymorph (9)
 Y - a wand of acid (8)
Scrolls
 b - 5 scrolls of butterflies
 c - 10 scrolls of teleportation
 f - 6 scrolls of vulnerability
 s - 8 scrolls of enchant weapon
 v - 6 scrolls of fear
 w - 3 scrolls of silence
 G - 3 scrolls of poison
 P - 2 scrolls of revelation
 V - a scroll of immolation
 X - 6 scrolls of identify
Potions
 h - 5 potions of mutation
 j - 2 potions of brilliance
 k - 9 potions of curing
 l - 2 potions of heal wounds
 n - 3 potions of haste
 o - 3 potions of lignification
 t - 2 potions of resistance
 x - 4 potions of cancellation
 z - 2 potions of berserk rage
 D - 3 potions of might
 K - 4 potions of attraction
 N - 2 potions of enlightenment
Miscellaneous
 J - a condenser vane (inert)
 Z - a lightning rod (3/4)


   Skills:
 + Level 10.1 Fighting
 + Level 12.2 Short Blades
 + Level 12.1 Dodging
 * Level 16.6 Stealth
 * Level 14.0 Shields
 - Level 5.2 Translocations
 - Level 4.1 Air Magic
 - Level 4.9 Poison Magic
 * Level 12.4 Evocations
 * Level 9.8 Shapeshifting


You had 11 spell levels left.
You knew the following spells:

 Your Spells              Type           Power      Damage    Failure   Level
a - Blink                 Tloc           46%        N/A       3%          2
b - Mephitic Cloud        Conj/Pois/Air  14%        N/A       16%         3

Your spell library contained the following spells:

 Spells                   Type           Power      Damage    Failure   Level
 Lesser Beckoning         Tloc           46%        N/A       3%          2
 Poisonous Vapours        Pois/Air       40%        N/A       4%          2
 Sting                    Tmut/Pois      44%        1d5       6%          1
 Momentum Strike          Conj/Tloc      24%        3d8       9%          2
 Static Discharge         Conj/Air       18%        2-3/arc   11%         2
 Magic Dart               Conj           0%         1d3       17%         1
 Necrotise                Necr           0%         1d4       17%         1
 Volatile Blastmotes      Fire/Tloc      22%        2d11      19%         3
 Manifold Assault         Tloc           23%        N/A       21%         4
 Olgreb's Toxic Radiance  Pois           22%        N/A       24%         4
 Call Imp                 Summ           0%         N/A       26%         2
 Scorch                   Fire           0%         2d5       26%         2
 Sublimation of Blood     Necr           0%         N/A       26%         2
 Wereblood                Tmut           0%         N/A       26%         2
 Airstrike                Air            9%         2d(2-18)  30%         4
 Inner Flame              Hex/Fire       0%         N/A       45%         3
 Vampiric Draining        Necr           0%         2d6       45%         3
 Summon Lightning Spire   Summ/Air       9%         N/A       58%         4
 Flame Wave               Conj/Fire      0%         2d4       86%         4
 Leda's Liquefaction      Hex/Erth       0%         N/A       86%         4
 Sticky Flame             Conj/Fire      0%         2d3       86%         4
 Agony                    Necr           0%         N/A       99%         5
 Lee's Rapid Deconstruct  Erth           0%         3d4*      99%         5
 Yara's Violent Unravell  Hex/Tmut       0%         3d3       99%         5
 Leda's Unmaking          Conj/Erth      0%         9d1       100%        6
 Summon Cactus Giant      Summ           0%         N/A       100%        6
 Enfeeble                 Hex            0%         N/A       100%        7
 Summon Hydra             Summ           0%         N/A       100%        7


Dungeon Overview and Level Annotations

Branches:
Dungeon (15/15)            Temple (0/1) D:7            Lair (5/5) D:9
 Shoals (3/4) Lair:2       Spider (2/4) Lair:2        Slime (0/5) Lair:4
    Orc (2/2) D:10            Elf (0/3) Orc:2        Vaults (0/5) D:14
 Depths (0/4) D:15          Sewer (visited)         Volcano (visited)

Altars:
Kikubaaqudgha
Makhleb
Okawaru
Qazlal
Xom
Jiyva

Shops:
D:2 !   D:4 (   D:7 (   D:11 [   D:13 **   D:14 :   Orc:1 :?   Orc:2 **?[!

Annotations:
D:1 1 transporter
Lair:5 1 exclusion


Innate Abilities, Weirdness & Mutations

You are a hulking beast.
Your limbs bulge with bestial killing power. (Slay +4)
You cannot wear most types of armour.
You are amphibious.
You can wear up to eight rings at the same time.
Your skin changes colour to match your surroundings (Stealth+).
Your rubbery body absorbs attacks. (AC +1, EV +1)
((You are camouflaged when in or above water. (Stealth+)))
You have tentacles for arms and can constrict up to eight enemies at once.
One of your tentacles bears a large vicious spike.
Your mind is very acute. (Int +8, Str/Dex -2)
Your flesh is heat resistant. (rF+)
You are frail. (-10% HP)
You are strong-willed. (Will+)
You occasionally shout uncontrollably at your foes.
Your muscles are strong. (Str +4, Int/Dex -1)
You expend magic power (3 MP) to strengthen your wands.


Message History

You are too injured to fight recklessly!
You are too injured to fight recklessly!
Unknown command. "Serve the mortal, my child!"
The harpy attacks as it pursues you! You block the harpy's attack. x2
The harpy attacks as it pursues you! The harpy completely misses you.
The harpy closely misses you. x2; You block the harpy's attack.
The harpy claws you! The harpy misses you.
Your ufetubus barely misses the harpy.
Your ufetubus hits the harpy. The tentacle slaps your ufetubus!
Your ufetubus dies!
Your ufetubus disappears in a puff of smoke!
The harpy closely misses you. The harpy barely misses you.
The harpy completely misses you. The harpy claws you!
Your ufetubus splashes around in the water.
Your ufetubus barely misses the harpy.
The harpy claws your ufetubus!
Your ufetubus dies!
Your ufetubus disappears in a puff of smoke!
The harpy attacks as it pursues you! The harpy closely misses you.
The harpy completely misses you.
A tentacle segment bursts forth from the water. x2
The harpy closely misses you. You block the harpy's attack.
Your crimson imp hits the harpy but does no damage.
The harpy claws your crimson imp! The harpy claws your crimson imp.
The harpy misses your crimson imp. x2; The harpy claws your crimson imp.
The harpy barely misses your crimson imp.
The tentacle barely misses your crimson imp. x2
The harpy claws the plant!
The plant begins to die.
The harpy claws the plant!
The harpy claws your crimson imp. x2
Your crimson imp dies!
Your crimson imp disappears in a puff of smoke!
The harpy claws the plant!
The plant begins to die.
The harpy claws the plant!
You block the tentacle's attack. x2
The merfolk hits you with a +0 trident!!
* * * LOW HITPOINT WARNING * * *
The harpy attacks as it pursues you! You block the harpy's attack.
The harpy closely misses you. The harpy claws you!
You die...
Xom is highly amused!

~~~~~≈≈w≈P~P~..~~~≈≈
..~~~≈≈XPP~$#P~~~≈≈≈
#.~~~†~~~~.#.~~~≈≈≈
#.~~~~~P~~~~~~~≈≈≈≈
###.~P~~~~P~~~~~≈≈≈≈≈
#..~~~~H~~~~≈≈≈≈≈~~~~
##.~~~~~HP/~~~~~≈≈~~~~
#.~~~~~H.w.~~~~~~≈~~~≈
#.~~~~~hm..~~~)~~≈≈~~≈
.~~~~~...##~~..~~≈≈~~~
~~~~~~..##.~.~~~~~~~~~
~~~~~..).~.~~~~≈≈~~~~~
~~~...#...~~~~≈≈≈~~~~~
~...........~~≈≈≈~~~~~
...$.......~~~≈≈~~~~~~
........<..)~~≈≈~~~~..
m#......#..~~~~~....


You could see a kraken, a merfolk, a manticore, a tentacle and 2 harpies.

Vanquished Creatures
  Rupert (D:13)
  A quicksilver dragon (Shoals:1)
  Gastronok (D:8)
  Kirke (D:12)
  An azure jelly (Lair:4)
  Louise (Spider:1)
  2 ghost moths
  Nessos (D:13)
  A red draconian (Volcano)
  A spark wasp (shapeshifter) (D:15)
  Azrael (D:13)
  Josephine (D:13)
  5 merfolk impalers
  3 entropy weavers
  7 vault guards (D:14)
  8 hydras
  A merfolk avatar (Shoals:2)
  7 boulder beetles
  8 centaur warriors
  5 two-headed ogres
  4 demonic crawlers
  3 orc high priests (Orc:2)
  15 death yaks
  4 skysharks
  4 sea snakes (Shoals:1)
  A pharaoh ant (Spider:2)
  A death drake (D:12)
  12 slime creatures
  An orb spider (Spider:2)
  A steelbarb worm (Spider:1)
  A wizard (Lair:5)
  A harpy (shapeshifter) (D:14)
  6 orc knights
  6 orc sorcerers
  2 deep elf pyromancers
  9 harpies
  14 manticores
  3 fauns (Shoals:1)
  11 ugly things
  4 wolf spiders
  8 cyclopes
  6 elephants
  2 black mambas (Lair:5)
  3 merfolk sirens
  A torpor snail (Spider:1)
  The ghost of GigaChad the Shield-Bearer, a novice FoFi (D:5)
  15 cane toads
  An unseen horror (D:11)
  3 gargoyles
  Psyche (D:8)
  3 rime drakes (Lair:5)
  2 yaktaurs (Volcano)
  4 komodo dragons
  A tengu conjurer (D:13)
  2 wind drakes (Shoals:2)
  3 polar bears
  4 trolls
  10 merfolk
  19 blink frogs
  A hornet (shapeshifter) (D:14)
  11 tarantellas
  A dream sheep (shapeshifter) (Orc:1)
  Grinder (D:5)
  2 tarantellas (shapeshifter)
  5 hornets
  3 snapping turtles
  12 dream sheep (Shoals:2)
  4 culicivoras
  2 shadows (D:12)
  7 wyverns
  9 jumping spiders
  A water elemental (Shoals:2)
  Sigmund (D:6)
  52 yaks
  7 wraiths
  A vampire (D:12)
  Eustachio (D:6)
  2 fire elementals (D:13)
  3 hogs (D:12)
  Grum (D:8)
  6 basilisks
  33 redbacks
  7 vampire mosquitoes
  Menkaure (D:4)
  A warg (Orc:1)
  3 hell hounds
  12 water moccasins
  2 black bears
  13 orc warriors
  Duvessa (D:6)
  17 wolves
  26 centaurs
  8 ogres
  3 boggarts (D:15)
  A phantom (D:4)
  6 kobold brigands
  Blork the orc (D:6)
  6 bullfrogs
  A scorpion (D:7)
  5 wights (D:6)
  Dowan (D:6)
  9 killer bees
  9 howler monkeys
  4 electric eels
  A crimson imp (D:9)
  4 lava snakes (D:14)
  3 quasits (D:5)
  Crazy Yiuf (D:2)
  A jelly (D:7)
  7 orc priests
  A gnoll bouda (D:6)
  2 hounds
  4 sleepcaps
  An iguana (D:6)
  12 orc wizards
  4 gnolls (D:6)
  15 adders
  2 river rats (Sewer)
  5 white imps
  2 ufetubi
  3 worms
  45 orcs
  10 ball pythons
  3 endoplasms
  5 giant cockroaches
  8 goblins
  3 hobgoblins
  9 jackals
  4 quokkas
  2 bats
  5 frilled lizards
  27 kobolds
  8 rats
  A tentacle (Shoals:2)
750 creatures vanquished.

Vanquished Creatures (collateral kills)
  A vault guard (D:14)
  A hydra (Lair:3)
  A boulder beetle (D:12)
  Erica (Lair:1)
  A tengu warrior (D:12)
  2 cyclopes (D:12)
  3 elephants
  A cane toad (Lair:3)
  A jumping spider (Lair:2)
  A basilisk (D:12)
  A warg (Orc:2)
  An orc warrior (Orc:2)
  An orc wizard (Orc:1)
  2 orcs
18 creatures vanquished.

Vanquished Creatures (others)
  Snorg (D:13)
  An orc sorcerer (Orc:2)
  A human (D:12)
  An orc warrior (Orc:2)
  2 wolves
  An orc wizard (Orc:2)
  A kobold (D:11)
  16 tentacles
24 creatures vanquished.

Grand Total: 792 creatures vanquished

Notes
Turn   | Place    | Note
-------+----------+-------------------------------------------
     0 | D:1      | Xavori the Octopode Chaos Knight began the quest for the
                  | Orb.
     0 | D:1      | Reached XP level 1. HP: 16/16 MP: 1/1
    39 | D:1      | XOM: potion effect (heal wounds)
    57 | D:1      | Reached XP level 2. HP: 20/21 MP: 2/2
   151 | D:1      | Reached skill level 1 in Stealth
   683 | D:1      | Found a faded altar of an unknown god.
   726 | D:1      | XOM: stat loss: -1 Int (13/14)
   893 | D:1      | XOM: summons 3 hostile shadow creatures
   972 | D:1      | XOM is BORED!
  1365 | D:1      | XOM: give mutations
  1365 | D:1      | Gained mutation: You have hidden genetic defects. [Xom's
                  | mischief]
  1365 | D:1      | Gained mutation: One of your tentacles bears a spike.
                  | [Xom's mischief]
  1365 | D:1      | Gained mutation: You expend magic power (3 MP) to
                  | strengthen your wands. [Xom's mischief]
  1365 | D:1      | Gained mutation: You possess an exceptional clarity of
                  | mind. [Xom's mischief]
  1783 | D:1      | XOM: torment (12/21 hp)
  2868 | D:1      | XOM: give mutations
  2868 | D:1      | Lost mutation: You possess an exceptional clarity of mind.
                  | [Xom's mischief]
  2868 | D:1      | Gained mutation: Your magical capacity is low. (-10% MP)
                  | [Xom's mischief]
  2933 | D:1      | XOM: give mutations
  2933 | D:1      | Gained mutation: You occasionally shout uncontrollably at
                  | your foes. [Xom's mischief]
  2933 | D:1      | Gained mutation: You are weak. (Str -2) [Xom's mischief]
  2933 | D:1      | Gained mutation: You possess an exceptional clarity of
                  | mind. [Xom's mischief]
  2933 | D:1      | Lost mutation: Your magical capacity is low. (-10% MP)
                  | [Xom's mischief]
  3023 | D:1      | XOM: draining
  3070 | D:1      | XOM: god gift: 51 gold pieces
  3682 | D:1      | XOM: silly message
  3841 | D:1      | XOM: give mutation
  3841 | D:1      | Lost mutation: One of your tentacles bears a spike. [Xom's
                  | mischief]
  4949 | D:1      | XOM: give mutations
  4949 | D:1      | Gained mutation: You have an increased reservoir of magic.
                  | (+10% MP) [Xom's grace]
  4949 | D:1      | Gained mutation: Your flesh is heat resistant. (rF+) [Xom's
                  | grace]
  5746 | D:1      | XOM is BORED!
  5746 | D:1      | XOM: summons 2 hostile shadow creatures
  5820 | D:2      | XOM: scenery: create altars
  6435 | D:1      | XOM: give mutations
  6435 | D:1      | Gained mutation: You have supernaturally acute eyesight.
                  | (SInv) [Xom's grace]
  6435 | D:1      | Gained mutation: Your system is resistant to poisons.
                  | (rPois) [Xom's grace]
  6435 | D:1      | Gained mutation: Your flesh is cold resistant. (rC+) [Xom's
                  | grace]
  6435 | D:1      | Lost mutation: You are weak. (Str -2) [Xom's grace]
  6749 | D:1      | XOM: give mutations
  6749 | D:1      | Gained mutation: One of your tentacles bears a spike.
                  | [Xom's grace]
  6749 | D:1      | Gained mutation: Your muscles are strong. (Str +4, Int/Dex
                  | -1) [Xom's grace]
  6749 | D:1      | Gained mutation: One of your tentacles bears a nasty spike.
                  | [Xom's grace]
  6817 | D:1      | XOM: give mutations
  6817 | D:1      | Gained mutation: You are partially covered in iridescent
                  | scales. (AC +2) [Xom's grace]
  6817 | D:1      | Gained mutation: One of your tentacles bears a large
                  | vicious spike. [Xom's grace]
  6817 | D:1      | Gained mutation: Your muscles are very strong. (Str +8,
                  | Int/Dex -2) [Xom's grace]
  6992 | D:2      | Found Qiely's Distillery.
  6993 | D:2      | XOM: 2-stop teleportation journey
  7087 | D:2      | Bought a potion of curing for 30 gold pieces
  7087 | D:2      | Bought a potion of heal wounds for 50 gold pieces
  7087 | D:2      | Gained mutation: You frequently scream uncontrollably at
                  | your foes. [hidden defects]
  7212 | D:2      | Reached XP level 3. HP: 18/24 MP: 3/3
  7223 | D:2      | Reached skill level 2 in Stealth
  7226 | D:2      | Gained mutation: You have terrible hidden genetic defects.
                  | [hidden defects]
  7226 | D:2      | Lost mutation: You have terrible hidden genetic defects.
                  | [hidden defects expressed]
  7272 | D:2      | Found a runed translucent door.
  7273 | D:2      | Noticed Crazy Yiuf
  7944 | D:2      | Killed Crazy Yiuf
  7945 | D:2      | Reached XP level 4. HP: 3/31 MP: 4/4
  7961 | D:2      | Gained mutation: You occasionally lose the ability to read
                  | scrolls when taking damage. [hidden defects]
  7963 | D:2      | XOM: give mutations
  7963 | D:2      | Lost mutation: You occasionally lose the ability to read
                  | scrolls when taking damage. [Xom's mischief]
  7963 | D:2      | Lost mutation: You possess an exceptional clarity of mind.
                  | [Xom's mischief]
  8110 | D:3      | Reached skill level 3 in Stealth
  8238 | D:3      | Gained mutation: You sometimes lose your temper in combat.
                  | [hidden defects]
  8238 | D:3      | Lost mutation: You have hidden genetic defects. [hidden
                  | defects expressed]
  8300 | D:3      | You fall into a shaft and drop 1 floor!
  8430 | D:4      | Found Vubor's Weapon Shoppe.
  8436 | D:4      | XOM: silly message
  8437 | D:4      | XOM: give mutation
  8437 | D:4      | Lost mutation: You have supernaturally acute eyesight.
                  | (SInv) [Xom's mischief]
  8521 | D:4      | Reached XP level 5. HP: 35/37 MP: 5/5
  8587 | D:4      | Noticed a phantom
  8595 | D:4      | Killed a phantom
  8596 | D:4      | Reached skill level 4 in Stealth
  8756 | D:4      | XOM: summons 1 hostile demon
  8886 | D:4      | Reached XP level 6. HP: 30/43 MP: 6/6
  8887 | D:4      | XOM: noise
  8895 | D:4      | Reached skill level 5 in Stealth
  8939 | D:4      | XOM: silly message
  9004 | D:4      | Found a glowing drain.
  9054 | Sewer    | Entered a sewer
  9135 | Sewer    | Reached skill level 6 in Stealth
  9228 | Sewer    | XOM: noise
  9250 | Sewer    | Reached XP level 7. HP: 48/48 MP: 7/7
  9273 | Sewer    | Reached skill level 5 in Short Blades
  9273 | Sewer    | Reached skill level 1 in Shields
  9291 | Sewer    | XOM: 9-stop teleportation journey
  9899 | D:4      | XOM: give mutations
  9899 | D:4      | Lost mutation: Your system is resistant to poisons. (rPois)
                  | [Xom's mischief]
  9899 | D:4      | Lost mutation: Your muscles are very strong. (Str +8,
                  | Int/Dex -2) [Xom's mischief]
  9899 | D:4      | Gained mutation: You are partially covered in large bone
                  | plates. (SH +4) [Xom's mischief]
  9928 | D:4      | Noticed Menkaure
  9934 | D:4      | Killed Menkaure
  9991 | D:5      | Entered Level 5 of the Dungeon
 10042 | D:5      | Noticed Grinder
 10042 | D:5      | Paralysed by Grinder for 2 turns
 10047 | D:5      | Paralysed by Grinder for 2 turns
 10050 | D:5      | XOM: scenery: summon butterflies
 10053 | D:5      | Killed Grinder
 10054 | D:5      | Reached skill level 7 in Stealth
 10054 | D:5      | Reached XP level 8. HP: 30/54 MP: 8/8
 10237 | D:5      | Noticed a yak
 10237 | D:5      | Noticed a yak
 10238 | D:5      | Noticed a yak
 10240 | D:5      | Lost mutation: You are partially covered in iridescent
                  | scales. (AC +2) [potion of mutation]
 10240 | D:5      | Lost mutation: Your flesh is cold resistant. (rC+) [potion
                  | of mutation]
 10240 | D:5      | Lost mutation: You have an increased reservoir of magic.
                  | (+10% MP) [potion of mutation]
 10240 | D:5      | Gained mutation: Your mind is acute. (Int +4, Str/Dex -1)
                  | [potion of mutation]
 10240 | D:5      | Gained mutation: You are covered in fur. (AC +1) [potion of
                  | mutation]
 10240 | D:5      | XOM: confuse monster(s)
 10241 | D:5      | Noticed a yak
 10245 | D:5      | Killed a yak
 10248 | D:5      | Killed a yak
 10253 | D:5      | Killed a yak
 10254 | D:5      | XOM: enchant monster (good)
 10255 | D:5      | Killed a yak
 10256 | D:5      | Reached skill level 8 in Stealth
 10316 | D:5      | Found a transporter.
 10316 | D:5      | Noticed GigaChad's ghost (novice FoFi)
 10365 | D:5      | Found a transporter.
 10639 | D:5      | Found a sand-covered staircase.
 10856 | D:5      | XOM: summons 2 friendly demons
 10890 | D:5      | Killed GigaChad's ghost
 10891 | D:5      | Reached skill level 5 in Dodging
 10891 | D:5      | Reached XP level 9. HP: 60/60 MP: 9/9
 11005 | D:6      | Noticed Blork the orc
 11017 | D:6      | Killed Blork the orc
 11033 | D:6      | Noticed Eustachio
 11044 | D:6      | XOM: confuse monster(s)
 11053 | D:6      | XOM: cast spell 'Call Canine Familiar'
 11060 | D:6      | Killed Eustachio
 11061 | D:6      | Reached skill level 5 in Fighting
 11061 | D:6      | Reached skill level 9 in Stealth
 11319 | D:6      | XOM: give mutation
 11319 | D:6      | Gained mutation: You passively map a small area around you.
                  | [Xom's grace]
 11423 | D:6      | Noticed Duvessa
 11427 | D:6      | Noticed Dowan
 11440 | D:6      | XOM: fake destruction
 11443 | D:6      | Killed Duvessa
 11444 | D:6      | Reached skill level 5 in Shields
 11444 | D:6      | Killed Dowan
 11461 | D:6      | Noticed Sigmund
 11471 | D:6      | Killed Sigmund
 11583 | D:5      | XOM: god gift: 2 clear potions {god gift}
 11823 | D:6      | XOM: give mutations
 11823 | D:6      | Gained mutation: You are agile. (Dex +4, Str/Int -1) [Xom's
                  | grace]
 11823 | D:6      | Gained mutation: Your flesh is very heat resistant. (rF++)
                  | [Xom's grace]
 11990 | D:7      | Found Moankoos's Weapon Shoppe.
 12122 | D:7      | XOM: summons friendly quasit
 12124 | D:7      | Reached XP level 10. HP: 66/66 MP: 10/10
 12174 | D:7      | Reached skill level 1 in Evocations
 12309 | D:7      | Found a staircase to the Ecumenical Temple.
 12474 | D:7      | Found an iron altar of Okawaru.
 12474 | D:7      | Noticed a two-headed ogre
 12474 | D:7      | XOM: 6-stop teleportation journey
 12545 | D:7      | Killed a two-headed ogre
 12548 | D:7      | Identified the +9 plate armour "Ocrudar" {rPois}
 12639 | D:7      | XOM: god gift: 24 gold pieces
 12808 | D:7      | XOM: divination: detect items
 12899 | D:7      | XOM: summons friendly ufetubus
 12906 | D:7      | XOM: god gift: plate armour {god gift}
 12907 | D:7      | XOM: scenery: create altars
 12909 | D:7      | XOM: cast spell 'Summon Horrible Things'
 13069 | D:7      | XOM: god gift: condenser vane
 13114 | D:8      | XOM: scenery: summon butterflies
 13161 | D:8      | Noticed Psyche
 13171 | D:8      | Killed Psyche
 13179 | D:8      | Noticed Grum
 13182 | D:8      | XOM: divine lightning
 13195 | D:8      | Killed Grum
 13216 | D:7      | XOM: god gift: 50 gold pieces
 13426 | D:8      | Noticed Gastronok
 13434 | D:8      | XOM: potion effect (brilliance)
 13444 | D:8      | Killed Gastronok
 13445 | D:8      | Reached XP level 11. HP: 72/72 MP: 11/11
 13527 | D:8      | XOM: give mutations
 13527 | D:8      | Gained mutation: Your muscles are very strong. (Str +8,
                  | Int/Dex -2) [Xom's grace]
 13527 | D:8      | Gained mutation: You are strong-willed. (Will+) [Xom's
                  | grace]
 13527 | D:8      | Gained mutation: You have hidden genetic potential. [Xom's
                  | grace]
 13527 | D:8      | Gained mutation: Your flesh is almost immune to the effects
                  | of heat. (rF+++) [Xom's grace]
 13790 | D:9      | XOM: 2-stop teleportation journey
 13807 | D:9      | XOM: draining
 13872 | D:9      | XOM: smoke on damage
 13872 | D:9      | Paralysed by a hornet for 1 turns
 14121 | D:9      | XOM: enchant monster (good)
 14268 | D:9      | Found a staircase to the Lair.
 14511 | D:9      | Reached skill level 5 in Evocations
 14802 | D:10     | Entered Level 10 of the Dungeon
 14802 | D:10     | Noticed a two-headed ogre
 14807 | D:10     | Killed a two-headed ogre
 14808 | D:10     | Reached skill level 1 in Shapeshifting
 14808 | D:10     | Identified the ring "Voixkea" {rPois Str+4 SInv}
 14855 | D:10     | XOM: confusion
 14923 | D:10     | Found a staircase to the Orcish Mines.
 14947 | D:10     | Noticed a two-headed ogre
 14947 | D:10     | XOM: 1-stop teleportation journey
 14963 | D:10     | XOM: scenery: 2 doors open
 14967 | D:10     | Killed a two-headed ogre
 14968 | D:10     | Reached skill level 10 in Stealth
 15114 | D:10     | Found a stormy altar of Qazlal.
 15129 | D:10     | XOM: enchant monster (bad)
 15159 | D:10     | Reached skill level 10 in Short Blades
 15282 | D:10     | XOM: give mutations
 15282 | D:10     | Lost mutation: You are strong-willed. (Will+) [Xom's
                  | mischief]
 15282 | D:10     | Lost mutation: You expend magic power (3 MP) to strengthen
                  | your wands. [Xom's mischief]
 15282 | D:10     | Lost mutation: Your muscles are very strong. (Str +8,
                  | Int/Dex -2) [Xom's mischief]
 15282 | D:10     | Lost mutation: You frequently scream uncontrollably at your
                  | foes. [Xom's mischief]
 15343 | D:10     | XOM: 3-stop teleportation journey
 15376 | D:10     | XOM: summons friendly iron imp
 15409 | D:10     | XOM: 2-stop teleportation journey
 15419 | D:10     | XOM: god gift: 31 gold pieces
 15439 | D:10     | XOM: noise
 15526 | D:10     | XOM: silly message
 15688 | D:10     | XOM: divination: magic mapping
 15726 | D:10     | XOM: silly message
 15746 | D:10     | XOM: silly message
 15809 | D:11     | Noticed a centaur warrior
 15811 | D:11     | Killed a centaur warrior
 15821 | D:11     | XOM: silly message
 15984 | D:11     | Noticed a boulder beetle
 16004 | D:11     | Killed a boulder beetle
 16005 | D:11     | Reached XP level 12. HP: 80/80 MP: 12/12
 16031 | D:11     | Gained mutation: Your system is resistant to poisons.
                  | (rPois) [hidden potential]
 16068 | D:11     | XOM: noise
 16133 | D:11     | Found Cucax's Antique Armour Emporium.
 16169 | D:11     | Noticed a boulder beetle
 16180 | D:11     | XOM: destruction
 16181 | D:11     | XOM: enchant monster (good)
 16187 | D:11     | a boulder beetle changed into a ghost moth
 16187 | D:11     | Noticed a ghost moth
 16187 | D:11     | XOM: polymorph boulder beetle -> ghost moth
 16297 | Lair:1   | Entered Level 1 of the Lair of Beasts
 16363 | Lair:1   | a cane toad changed into an entropy weaver
 16363 | Lair:1   | Noticed an entropy weaver
 16363 | Lair:1   | XOM: polymorph cane toad -> entropy weaver
 16373 | Lair:1   | Killed an entropy weaver
 16379 | Lair:1   | XOM: cast spell 'Metabolic Englaciation'
 16448 | Lair:1   | XOM: cast spell 'Discord'
 16449 | Lair:1   | Noticed Erica
 16449 | Lair:1   | Killed Erica
 16601 | Lair:1   | Learned a level 2 spell: Blink
 16842 | Lair:1   | Reached skill level 1 in Translocations
 17015 | Lair:1   | XOM is BORED!
 17043 | Lair:2   | Noticed a death yak
 17043 | Lair:2   | Noticed a death yak
 17043 | Lair:2   | Noticed a death yak
 17063 | Lair:2   | Killed a death yak
 17066 | Lair:2   | Killed a death yak
 17067 | Lair:2   | Reached skill level 11 in Stealth
 17068 | Lair:2   | XOM: 1-stop teleportation journey
 17079 | Lair:2   | Killed a death yak
 17092 | Lair:2   | XOM: god gift: 58 gold pieces
 17094 | Lair:2   | Noticed a six-headed hydra
 17094 | Lair:2   | XOM: polymorph water moccasin -> bullfrog
 17236 | Lair:1   | XOM: give mutation
 17236 | Lair:1   | Gained mutation: You expend magic power (3 MP) to
                  | strengthen your wands. [Xom's grace]
 17377 | Lair:2   | XOM: polymorph yak -> blink frog
 17383 | Lair:2   | XOM: god gift: cloak {god gift}
 17389 | Lair:2   | XOM: blink monster(s)
 17424 | Lair:1   | XOM: blink monster(s)
 17429 | Lair:1   | Killed a six-headed hydra
 17627 | Lair:1   | XOM: silly message
 17658 | Lair:2   | Noticed an eight-headed hydra
 17667 | Lair:2   | Killed an eight-headed hydra
 17668 | Lair:2   | Reached XP level 13. HP: 19/88 MP: 9/13
 17861 | Lair:2   | Gained mutation: You are very agile. (Dex +8, Str/Int -2)
                  | [hidden potential]
 17861 | Lair:2   | Lost mutation: You have hidden genetic potential. [hidden
                  | potential expressed]
 17924 | Lair:2   | Found a hole to the Spider Nest.
 17928 | Lair:2   | XOM: summons 11 friendly demons
 17958 | Lair:2   | XOM: chaos cloud
 18227 | Lair:2   | Reached skill level 5 in Shapeshifting
 18254 | Lair:2   | Found a staircase to the Shoals.
 18376 | Lair:2   | XOM: summons 5 hostile demons
 18788 | Lair:3   | XOM: 4-stop teleportation journey
 18800 | Lair:3   | XOM: blink monster(s)
 18976 | Lair:3   | XOM: 1-stop teleportation journey
 19072 | Lair:3   | XOM: blink monster(s)
 19321 | Lair:3   | XOM: summons friendly white imp
 19331 | Lair:3   | XOM: silly message
 19664 | Lair:3   | XOM: cast spell 'Cause Fear'
 19671 | Lair:3   | XOM: enchant monster (bad)
 19911 | Lair:4   | Reached skill level 10 in Shields
 19954 | Lair:4   | Found a viscous altar of Jiyva.
 19954 | Lair:4   | Found a staircase to the Slime Pits.
 20084 | Lair:4   | XOM: god gift: +1 hat of willpower
 20118 | Lair:4   | XOM: silly message
 20125 | Lair:4   | XOM: cast spell 'Call Canine Familiar'
 20127 | Lair:4   | XOM: divination: detect items
 20137 | Lair:4   | XOM: blink monster(s)
 20139 | Lair:4   | XOM: polymorph elephant -> jumping spider
 20140 | Lair:4   | XOM: enchant monster (good)
 20151 | Lair:4   | Identified the +2 plate armour of the Eagle {Dex-4 Slay+5}
 20428 | Lair:4   | XOM: summons 3 friendly demons
 20458 | Lair:4   | XOM: polymorph white imp -> iron imp
 20538 | Lair:2   | XOM: fake destruction
 20539 | Lair:2   | XOM: scenery: create altars
 20540 | Lair:2   | XOM: potion effect (haste)
 20546 | Lair:2   | XOM: potion effect (attraction)
 20613 | D:10     | XOM: silly message
 20621 | D:11     | XOM: silly message
 20628 | D:11     | XOM: silly message
 20639 | D:11     | Killed a ghost moth
 21096 | D:11     | XOM: god gift: ring of willpower
 21235 | Lair:2   | XOM: divination: detect creatures
 21300 | Lair:4   | XOM: silly message
 21391 | Lair:4   | XOM: repel stairs
 21405 | Lair:4   | XOM: confusion
 21687 | Lair:4   | a death yak changed into an azure jelly
 21687 | Lair:4   | Noticed an azure jelly
 21687 | Lair:4   | XOM: polymorph death yak -> azure jelly
 21898 | Lair:3   | XOM: torment (50/88 hp)
 22013 | Orc:1    | Entered Level 1 of the Orcish Mines
 22013 | Orc:1    | Found Uppielec's Book Shop.
 22018 | Orc:1    | Found a burning altar of Makhleb.
 22021 | Orc:1    | XOM: scenery: create altars
 22025 | Orc:1    | XOM: polymorph orc sorcerer -> glowing shapeshifter
 22026 | Orc:1    | XOM: 1-stop teleportation journey
 22058 | Orc:1    | XOM: fog
 22103 | Orc:1    | XOM is BORED!
 22103 | Orc:1    | XOM: give mutations
 22103 | Orc:1    | Lost mutation: You sometimes lose your temper in combat.
                  | [Xom's mischief]
 22103 | Orc:1    | Lost mutation: You are very agile. (Dex +8, Str/Int -2)
                  | [Xom's mischief]
 22159 | Orc:1    | Found Echoot's Magic Scroll Shop.
 22159 | Orc:1    | XOM: summons friendly ufetubus
 22160 | Orc:1    | Identified the ring "Dejusmio" {Ice rElec} (Xom gifted it
                  | to you on level 1 of the Orcish Mines)
 22160 | Orc:1    | XOM: god gift: ring "Dejusmio" {Ice rElec}
 22166 | Orc:1    | XOM: enchant monster (good)
 22172 | Orc:1    | Reached XP level 14. HP: 90/94 MP: 14/14
 22186 | Orc:1    | Bought a scroll of identify for 22 gold pieces
 22186 | Orc:1    | Bought a scroll of identify for 22 gold pieces
 22186 | Orc:1    | Bought a scroll of enchant weapon for 82 gold pieces
 22242 | Orc:1    | XOM: polymorph ufetubus -> shadow imp
 22255 | Orc:1    | Reached skill level 10 in Dodging
 22263 | Orc:1    | XOM: scenery: summon butterflies
 22454 | Orc:2    | Entered Level 2 of the Orcish Mines
 22472 | Orc:2    | Found a dark tunnel.
 22481 | Volcano  | Entered a volcano
 22500 | Volcano  | Found a radiant altar of Vehumet.
 22501 | Volcano  | Noticed a red draconian
 22525 | Volcano  | Reached skill level 5 in Translocations
 22627 | Volcano  | XOM: enchant monster (good)
 22633 | Volcano  | Killed a red draconian
 22645 | Volcano  | XOM: god gift: great mace {god gift}
 22711 | Orc:2    | XOM: summons 5 friendly demons
 22717 | Orc:2    | XOM: smoke on damage
 22784 | Orc:2    | XOM: cleaving
 22794 | Orc:2    | XOM: scenery: create altars
 22797 | Orc:2    | Reached skill level 12 in Stealth
 22928 | Orc:2    | Found a staircase to the Elven Halls.
 22968 | Orc:2    | XOM: scenery: create altars
 23187 | Orc:2    | Found Geehit's Antique Armour Boutique.
 23202 | Orc:2    | XOM: confuse monster(s)
 23208 | Orc:2    | XOM: divine lightning
 23213 | Orc:2    | XOM: noise
 23263 | Orc:2    | XOM: swap monsters
 23315 | Orc:1    | XOM: god gift: 6 gold pieces
 23464 | Orc:2    | Found Helaq's Distillery.
 23475 | Orc:2    | Bought a potion of curing for 48 gold pieces
 23475 | Orc:2    | Bought 2 potions of curing for 96 gold pieces
 23475 | Orc:2    | Bought a potion of heal wounds for 80 gold pieces
 23475 | Orc:2    | Bought a potion of curing for 48 gold pieces
 23558 | Orc:2    | XOM: confuse monster(s)
 23611 | Orc:2    | XOM: summons friendly crimson imp
 23614 | Orc:2    | Found Tico's Assorted Antiques.
 23615 | Orc:2    | Found Oczaum's Magic Scroll Emporium.
 23615 | Orc:2    | Found Zeahom's General Store.
 23626 | Orc:2    | XOM: summons 7 friendly demons
 23650 | Orc:2    | XOM: give mutations
 23650 | Orc:2    | Lost mutation: Your flesh is almost immune to the effects
                  | of heat. (rF+++) [Xom's mischief]
 23650 | Orc:2    | Lost mutation: Your system is resistant to poisons. (rPois)
                  | [Xom's mischief]
 23769 | Orc:2    | XOM: cleaving
 23861 | Orc:2    | Bought a glowing tower shield for 240 gold pieces
 23875 | Orc:2    | Bought a scroll of fear for 72 gold pieces
 23883 | Orc:2    | Bought a potion of haste for 150 gold pieces
 23885 | Orc:2    | Bought an emerald ring for 135 gold pieces
 24095 | Lair:4   | Killed an azure jelly
 24409 | Lair:4   | XOM: divination: detect creatures
 24411 | Lair:4   | XOM: fog
 24413 | Lair:4   | XOM: potion effect (invisibility)
 24554 | Lair:5   | Entered Level 5 of the Lair of Beasts
 24605 | Lair:5   | XOM: cast spell 'Summon Mana Viper'
 24836 | Lair:5   | XOM: 4-stop teleportation journey
 24844 | Lair:5   | XOM: silly message
 24917 | Lair:5   | XOM: enchant monster (bad)
 24920 | Lair:5   | XOM: noise
 24971 | Lair:5   | Reached skill level 10 in Evocations
 25044 | Lair:5   | XOM: stat loss: -1 Str (17/18)
 25069 | Lair:5   | XOM: give mutation
 25069 | Lair:5   | Lost mutation: You are agile. (Dex +4, Str/Int -1) [Xom's
                  | mischief]
 25210 | Lair:5   | XOM: 1-stop teleportation journey
 25215 | Lair:5   | XOM: 2-stop teleportation journey
 25226 | Lair:5   | Found a burning altar of Makhleb.
 25267 | Lair:5   | Reached skill level 13 in Stealth
 25270 | Lair:5   | XOM: silly message
 25355 | Lair:5   | XOM: swap monsters
 25363 | Lair:5   | Reached XP level 15. HP: 92/101 MP: 15/15
 25366 | Lair:5   | XOM: chaos cloud
 25507 | Lair:5   | XOM: swap monsters
 25527 | Lair:5   | XOM: noise
 25529 | Lair:5   | XOM: fog
 25544 | Lair:5   | XOM: summons 2 friendly demons
 25653 | Lair:5   | XOM: fog
 25656 | Lair:5   | XOM: blink monster(s)
 25702 | Lair:5   | XOM: 7-stop teleportation journey
 26433 | D:12     | XOM: summons friendly crimson imp
 26437 | D:11     | XOM: cast spell 'Metabolic Englaciation'
 26611 | D:12     | XOM: polymorph manticore -> death drake
 26622 | D:12     | XOM: summons friendly quasit
 26720 | D:12     | XOM: summons 9 friendly demons
 26753 | D:12     | Learned a level 3 spell: Mephitic Cloud
 26887 | D:12     | XOM: enchant monster (good)
 26892 | D:12     | XOM: polymorph basilisk -> black bear
 26902 | D:12     | XOM: smoke on damage
 26921 | D:12     | Reached skill level 1 in Poison Magic
 26929 | D:12     | Reached skill level 1 in Air Magic
 26982 | D:12     | Identified the +5 hand axe of Foxkerry {flame, Str+2
                  | Stlth+}
 26995 | D:12     | Got the Excursus on the Productive Geodesic
 27030 | D:12     | Noticed Kirke
 27052 | D:12     | XOM: enchant monster (good)
 27059 | D:12     | XOM: destruction
 27065 | D:12     | Killed Kirke
 27171 | D:12     | XOM: summons friendly shadow imp
 27418 | D:12     | XOM: god gift: dented peridot amulet {god gift}
 27488 | D:13     | Noticed Nessos
 27492 | D:13     | Killed Nessos
 27531 | D:13     | Reached skill level 14 in Stealth
 27543 | D:13     | XOM: silly message
 27546 | D:13     | Noticed Josephine
 27560 | D:13     | XOM: summons friendly shadow imp
 27563 | D:13     | XOM: swap monsters
 27564 | D:13     | XOM: noise
 27567 | D:13     | XOM: cleaving
 27571 | D:13     | Killed Josephine
 27573 | D:13     | XOM: noise
 27647 | D:13     | Noticed Snorg
 27651 | D:13     | Noticed Azrael
 27656 | D:13     | XOM: scenery: create altars
 27669 | D:13     | Killed Snorg
 27677 | D:13     | Killed Azrael
 27805 | D:13     | XOM: give mutation
 27805 | D:13     | Lost mutation: You are covered in fur. (AC +1) [Xom's
                  | mischief]
 28042 | D:13     | Noticed Rupert
 28052 | D:13     | Killed Rupert
 28105 | D:13     | XOM: god gift: 26 gold pieces
 28325 | D:13     | Found Xoled's General Store.
 28347 | D:13     | Found Pomag's Fire Supplies.
 28487 | D:13     | XOM: noise
 28582 | D:13     | XOM: destruction
 28628 | D:13     | XOM: summons 3 friendly demons
 28827 | D:14     | XOM: polymorph centaur warrior -> merfolk
 28957 | D:14     | XOM: destruction
 29041 | D:14     | XOM: 1-stop teleportation journey
 29091 | D:14     | Found a gate to the Vaults.
 29093 | D:14     | XOM: god gift: wand of acid (6)
 29114 | D:14     | XOM: cast spell 'Leda's Liquefaction'
 29127 | D:14     | XOM: cast spell 'Summon Hydra'
 29133 | D:14     | Reached XP level 16. HP: 108/108 MP: 16/16
 29147 | D:14     | XOM: cleaving
 29152 | D:14     | XOM: summons 4 friendly demons
 29370 | D:14     | XOM: 1-stop teleportation journey
 29392 | D:14     | Found Keyxagh's Book Boutique.
 30097 | D:14     | XOM: summons 8 hostile demons
 30280 | D:15     | Entered Level 15 of the Dungeon
 30460 | D:15     | XOM: 4-stop teleportation journey
 30484 | D:15     | XOM: torment (55/108 hp)
 30680 | D:15     | XOM: summons 2 hostile demons
 30816 | D:15     | Found an ancient bone altar of Kikubaaqudgha.
 31084 | D:15     | XOM: enchant monster (bad)
 31180 | D:15     | XOM: give mutation
 31180 | D:15     | Lost mutation: You are partially covered in large bone
                  | plates. (SH +4) [Xom's mischief]
 31322 | D:15     | Found a staircase to the Depths.
 31328 | D:15     | XOM: draining
 31330 | D:15     | XOM: butterfly on damage
 31342 | D:15     | XOM: polymorph seven-headed hydra -> death yak
 31351 | D:15     | XOM: silly message
 31373 | D:15     | XOM: silly message
 31627 | D:15     | XOM: god gift: ring of flight
 31956 | Shoals:1 | Entered Level 1 of the Shoals
 32130 | Shoals:1 | Reached skill level 15 in Stealth
 32200 | Shoals:1 | XOM: confuse monster(s)
 32254 | Shoals:1 | XOM: give mutations
 32254 | Shoals:1 | Gained mutation: You are robust. (+10% HP) [Xom's grace]
 32254 | Shoals:1 | Gained mutation: Your mind is very acute. (Int +8, Str/Dex
                  | -2) [Xom's grace]
 32254 | Shoals:1 | Gained mutation: Your system is resistant to poisons.
                  | (rPois) [Xom's grace]
 32254 | Shoals:1 | Gained mutation: You are agile. (Dex +4, Str/Int -1) [Xom's
                  | grace]
 32321 | Shoals:1 | XOM: cleaving
 32324 | Shoals:1 | XOM: divine lightning
 32336 | Shoals:1 | XOM: destruction
 32340 | Shoals:1 | XOM: confuse monster(s)
 32347 | Shoals:1 | XOM: cleaving
 32350 | Shoals:1 | XOM: 9-stop teleportation journey
 32610 | Shoals:1 | XOM: 8-stop teleportation journey
 32725 | Shoals:1 | XOM: snakes to sticks
 32892 | Shoals:1 | an alligator snapping turtle changed into a quicksilver
                  | dragon
 32892 | Shoals:1 | Noticed a quicksilver dragon
 32892 | Shoals:1 | XOM: polymorph alligator snapping turtle -> quicksilver
                  | dragon
 32899 | Shoals:1 | XOM: enchant monster (good)
 32900 | Shoals:1 | Killed a quicksilver dragon
 33023 | Shoals:1 | XOM: scenery: summon butterflies
 33104 | Shoals:2 | XOM: confusion (+ monsters)
 33139 | Shoals:2 | XOM: summons friendly crimson imp
 33140 | Shoals:2 | XOM: smoke on damage
 33149 | Shoals:2 | XOM: cast spell 'Leda's Liquefaction'
 33393 | Shoals:1 | XOM: divination: magic mapping
 33825 | Shoals:2 | XOM: smoke on damage
 33832 | Shoals:2 | XOM: summons friendly quasit
 33843 | Shoals:2 | XOM: confuse monster(s)
 33847 | Shoals:2 | XOM: blink monster(s)
 33853 | Shoals:2 | XOM: cleaving
 33855 | Shoals:2 | XOM: divination: detect creatures
 33953 | Shoals:2 | XOM: god gift: flail {god gift}
 33997 | Shoals:2 | XOM: polymorph harpy -> hornet
 34007 | Shoals:2 | XOM: give mutations
 34007 | Shoals:2 | Lost mutation: You are robust. (+10% HP) [Xom's mischief]
 34007 | Shoals:2 | Lost mutation: You are agile. (Dex +4, Str/Int -1) [Xom's
                  | mischief]
 34007 | Shoals:2 | Lost mutation: Your system is resistant to poisons. (rPois)
                  | [Xom's mischief]
 34085 | Shoals:2 | Reached skill level 10 in Fighting
 34404 | Shoals:2 | XOM: polymorph water nymph -> slime creature
 34416 | Shoals:2 | XOM: give mutations
 34416 | Shoals:2 | Gained mutation: You are frail. (-10% HP) [Xom's mischief]
 34416 | Shoals:2 | Lost mutation: Your flesh is very heat resistant. (rF++)
                  | [Xom's mischief]
 34416 | Shoals:2 | Gained mutation: You are strong-willed. (Will+) [Xom's
                  | mischief]
 34544 | Shoals:2 | Noticed a kraken
 34546 | Shoals:2 | XOM: divination: detect creatures
 34552 | Shoals:2 | XOM: noise
 34581 | Shoals:2 | Reached XP level 17. HP: 7/103 MP: 17/17
 35050 | Shoals:2 | XOM: stat loss: -1 Dex (19/20)
 35170 | Spider:1 | Entered Level 1 of the Spider Nest
 35200 | Lair:2   | XOM: give mutation
 35200 | Lair:2   | Lost mutation: You passively map a small area around you.
                  | [Xom's mischief]
 35275 | Lair:2   | XOM: summons 3 hostile shadow creatures
 35476 | Spider:1 | XOM: enchant monster (bad)
 35497 | Spider:1 | XOM: polymorph jumping spider -> manticore
 35504 | Spider:1 | XOM: swap monsters
 35587 | Spider:1 | XOM: 4-stop teleportation journey
 35613 | Spider:1 | XOM: 1-stop teleportation journey
 35618 | Spider:1 | Reached skill level 16 in Stealth
 35684 | Spider:1 | XOM: noise
 35690 | Spider:1 | XOM: 1-stop teleportation journey
 35751 | Spider:1 | XOM: confusion
 35790 | Spider:1 | XOM: summons 3 friendly demons
 35819 | Spider:1 | XOM: swap monsters
 35821 | Spider:1 | XOM: confuse monster(s)
 36093 | Spider:1 | Noticed Louise
 36098 | Spider:1 | XOM: swap monsters
 36124 | Spider:1 | Killed Louise
 36555 | Spider:2 | XOM: confuse monster(s)
 36619 | Spider:2 | XOM: divination: detect items
 36631 | Spider:2 | XOM: enchant monster (good)
 36645 | Spider:2 | XOM: potion effect (brilliance)
 36937 | Spider:2 | XOM: swap monsters
 36937 | Spider:2 | HP: 5/103 [wolf spider (8)]
 36940 | Spider:2 | XOM: 1-stop teleportation journey
 37292 | Shoals:3 | Noticed a kraken
 37302 | Shoals:3 | XOM: summons 2 friendly demons
 37307 | Shoals:3 | XOM: summons friendly crimson imp
 37311 | Shoals:3 | Slain by a harpy

Illustrated notes

Levels and vault maps discovered:
D:1:      spicycebolla_arrival_transporter_tutorial, layout_basic,
          dilly_ecumenical_altar_fadedgnrine, serial_bayou_lake_a
D:2:      layout_basic, serial_shops, nicolae_shop_industrial_runoff,
          uniq_crazy_yiuf_cottage
D:3:      layout_loops_ring, gammafunk_temple_overflow_arena
D:4:      layout_loops_corners, serial_shops, nicolae_shop_bloodbath_and_beyond,
          gup_sewer_entry_spiral, uniq_menkaure
D:5:      layout_loops_ring, gammafunk_ghost_stat_death,
          lightli_ossuary_entry_decrepit_ruins, uniq_grinder
D:6:      layout_basic, uniq_eustachio, uniq_sigmund, uniq_duvessa,
          uniq_blork_the_orc
D:7:      layout_basic, mainiacjoe_overflow_tiny_flanked,
          lemuel_temple_firewalk_b, serial_shops, shop
D:8:      layout_cave_pools, uniq_psyche, uniq_gastronok, uniq_grum
D:9:      layout_loops_cross, david_lair_generic, minmay_fire_ice_demons
D:10:     layout_roguey, kennysheep_little_box, david_orc_2,
          minmay_unpleasant_kobolds
D:11:     layout_basic, serial_shops, nicolae_shop_tiny_waterfront,
          small_statue_alley_a
D:12:     minmay_the_grid_octo_triangle [minmay_the_grid_octo_checkered,
          minmay_the_grid_octo_prize_square_snowflake,
          minmay_the_grid_octo_focus], layout_cross, chequers_decorated_corner,
          serial_bayou_ford_a, uniq_kirke
D:13:     layout_basic, serial_shops, shop, nicolae_shop_fire_sale
          [nicolae_sub_dead_trees], uniq_azrael, uniq_nessos, uniq_josephine,
          uniq_snorg, uniq_rupert
D:14:     layout_basic, erik_vaults_2, serial_shops,
          nicolae_shop_real_fake_doors
D:15:     hangedman_depths_entry_try_elsewhere_first, layout_loops_corners,
          kiku_gazebo_garden_becter
Lair:1:   layout_chaotic_city, chequers_serial_rivers_micro_a, uniq_erica
Lair:2:   layout_loops_ring, elwin_shoals_entry_rooms,
          nicolae_spider_entry_tight_spaces, infiniplex_staircase_pool
Lair:3:   layout_cave_pods
Lair:4:   layout_misc_corridors, dpeg_slime_entry_enclosed,
          grunt_forest_small_clearing_treed
Lair:5:   evil_forest, layout_regular_city, grunt_megastairs_1,
          infiniplex_staircase_pool_2, serial_bayou_shore_b
Shoals:1: nicolae_shoals_aurelia_aurita, layout_shoals
Shoals:2: layout_shoals
Shoals:3: layout_shoals, uniq_ilsuiw, uniq_bai_suzhen
Spider:1: layout_spider_delve, uniq_louise
Spider:2: layout_spider_delve, nicolae_spider_cling_halls
Orc:1:    layout_caves, serial_shops, shop, shop, shop, bloody_makhleb
Orc:2:    st_orc_elflike, layout_caves, serial_shops, nicolae_shop_stone,
          nicolae_volcano_entry_hallway

Skill      XL: |  1  2  3  4  5  6  7  8  9 10 11 12 13 14 15 16 17 |
---------------+----------------------------------------------------+-----
Stealth        | 1 2 3 4 6 7 8 9 10 11 13 14 15 16 | 16.6
Short Blades   | 4 5 6 7 9 10 11 12 | 12.2
Dodging        | 3 5 6 7 8 9 10 11 12 | 12.1
Fighting       | 4 5 6 7 8 9 10 | 10.1
Shields        | 2 4 5 7 8 9 10 11 12 13 14 | 14.0
Evocations     | 4 6 7 8 10 11 12 | 12.4
Shapeshifting  | 3 4 6 7 8 9 |  9.8
Translocations | 2 4 5 |  5.2
Poison Magic   | 3 4 |  4.9
Air Magic      | 3 4 |  4.1

Action                     |  1- 3 |  4- 6 |  7- 9 | 10-12 | 13-15 | 16-18 || total
---------------------------+-------+-------+-------+-------+-------+-------++-------
  Melee: Short sword       |    74 |   114 |   223 |   631 |  1333 |   806 ||  3181
         Tentacles         |     9 |    20 |    67 |   216 |   484 |   315 ||  1111
         Constrict         |    16 |    34 |    48 |    72 |   132 |   130 ||   432
         Punch             |     3 |     1 |     7 |    11 |    28 |    22 ||    72
         Kick              |     9 |    44 |    94 |   310 |   772 |   499 ||  1728
   Cast: Mephitic Cloud    |       |       |       |       |       |     1 ||     1
  Evoke: Wand              |       |       |     1 |    10 |    12 |     2 ||    25
         Condenser vane    |       |       |       |     2 |     3 |     2 ||     7
         Lightning rod     |       |       |       |       |     1 |     4 ||     5
    Use: Scroll            |       |       |     7 |     6 |    12 |    10 ||    35
         Potion            |       |       |     1 |     2 |     3 |     3 ||     9
   Stab: Sleeping          |     6 |     5 |     4 |     5 |    29 |    24 ||    73
         Confused          |       |       |     3 |       |    11 |    12 ||    26
         Paralysed         |       |       |     1 |     1 |     3 |     3 ||     8
         Distracted        |       |       |       |       |     6 |     7 ||    13
         Invisible         |       |       |       |       |     1 |       ||     1
 Armour: Skin              |    18 |    33 |    54 |    84 |   136 |   129 ||   454
  Dodge: Dodged            |    33 |    58 |    82 |   195 |   308 |   403 ||  1079
  Block: Buckler           |     3 |    32 |   111 |   248 |   526 |   257 ||  1177
         Reflection        |       |       |     2 |     7 |    30 |    25 ||    64
         Tower shield      |       |       |       |       |       |   346 ||   346
   Form: Beast             |       |       |       |       |     1 |       ||     1

Table legend: (Time is in decaauts)
 A = Elapsed time spent in this place.
 B = Non-inter-level travel time spent in this place.
 C = Inter-level travel time spent in this place.
 D = Time resting spent in this place.
 E = Time spent auto-exploring this place.
 F = Levels seen in this place.
 G = Mean time per level.
                   A        B        C        D        E       F      G
               +--------+--------+--------+--------+--------+-----+--------+
         Total |  35816 |  33859 |   1957 |  11584 |  17131 |  29 | 1235.0 |
       Dungeon |  21312 |  20369 |    943 |   7741 |  10229 |  15 | 1420.8 |
          Lair |   7287 |   6499 |    788 |   1614 |   3725 |   5 | 1457.4 |
        Shoals |   3122 |   3004 |    118 |   1169 |   1302 |   3 | 1040.7 |
   Spider Nest |   1748 |   1708 |     40 |    607 |    670 |   2 |  874.0 |
  Orcish Mines |   1602 |   1536 |     66 |    305 |    828 |   2 |  801.0 |
         Sewer |    539 |    539 |      0 |    114 |    312 |   1 |  539.0 |
       Volcano |    203 |    203 |      0 |     32 |     65 |   1 |  203.0 |
               +--------+--------+--------+--------+--------+-----+--------+

Top non-repeatable levels by time:
     D:1: 6737 daAuts
Shoals:1: 1651 daAuts
  Lair:3: 1617 daAuts
Spider:1: 1572 daAuts
  Lair:2: 1515 daAuts
  Lair:4: 1478 daAuts
  Lair:5: 1455 daAuts
    D:15: 1433 daAuts
Shoals:2: 1419 daAuts
    D:14: 1416 daAuts
     D:2: 1357 daAuts
    D:13: 1242 daAuts
  Lair:1: 1220 daAuts
     D:4: 1190 daAuts
     D:5: 1111 daAuts
